 Dungeon Crawl Stone Soup version 0.25-a0-458-g6fc7858b95 (webtiles) character file.

Game seed: 4386188930175868714, levelgen mode: deterministic

95 Luthien the Conjurer (level 4, 0/24 HPs)
             Began as a Gargoyle Conjurer on Feb 1, 2020.
             Splashed by Ijyb's acid (11 damage)
             ... on level 3 of the Dungeon.
             The game lasted 00:08:01 (2600 turns).

Luthien the Conjurer (Gargoyle Conjurer)            Turns: 2600, Time: 00:08:02

Health: 0/24       AC:  6    Str: 12    XL:     4   Next: 66%
Magic:  0/8        EV: 12    Int: 16    God:
Gold:   117        SH:  0    Dex: 10    Spells: 2/9 levels left

rFire    . . .     SeeInvis .   x - +2 whip (elec)
rCold    . . .     Gourm    .   (no shield)
rNeg     + . .     Faith    .   m - +0 leather armour
rPois    ∞         Spirit   .   (no helmet)
rElec    +         Reflect  .   (no cloak)
rCorr    .         Harm     .   (no gloves)
MR       .....                  (no boots)
Stlth    ++........             (no amulet)
HPRegen  0.08/turn              (no ring)
MPRegen  0.11/turn              (no ring)

@: no status effects
A: negative energy resistance 1, electricity resistance, unbreathing,
petrification resistance, rot immunity, AC +3
a: no special abilities


You were on level 3 of the Dungeon.
You were hungry.

You visited 1 branch of the dungeon, and saw 3 of its levels.

You collected 117 gold pieces.

Inventory:

Hand Weapons
 e - a +0 dagger
 j - a +0 club
 k - a +0 whip
 s - a +0 short sword
 x - a +2 whip of electrocution (weapon)
Missiles
 f - 56 bolts
 r - 2 stones (quivered)
Armour
 a - a +0 robe
 g - a +0 plate armour
 m - a +0 leather armour (worn)
 w - a +0 robe
Jewellery
 p - an uncursed ring of protection from fire {unknown}
 D - an uncursed ring of stealth {unknown}
Scrolls
 l - a scroll of magic mapping {unknown}
 o - a scroll of identify {unknown}
 u - a scroll of remove curse {unknown}
 y - 2 scrolls of amnesia {unknown}
 A - a scroll of enchant armour {unknown}
 B - a scroll of teleportation {unknown}
 C - a scroll of enchant weapon {unknown}
Potions
 b - a potion of haste {unknown}
 d - a potion of lignification {unknown}
 h - a potion of magic {unknown}
 i - 2 potions of invisibility {unknown}
 n - a potion of brilliance {unknown}
 t - a potion of agility {unknown}
 v - 2 potions of curing {unknown}
 z - a potion of heal wounds {unknown}
Comestibles
 c - 5 rations
 q - a chunk of flesh


   Skills:
 - Level 2.2 Dodging
 - Level 3.1 Stealth
 * Level 3.0 Spellcasting
 + Level 5.0 Conjurations


You had 2 spell levels left.
You knew the following spells:

 Your Spells              Type           Power        Failure   Level  Hunger
a - Magic Dart            Conj           ###.         3%          1    #......
b - Searing Ray           Conj           ###...       4%          2    ##.....
p - Fulminant Prism       Conj/Hex       ##........   63%         4    #####..

Your spell library contained the following spells:

 Spells                   Type           Power        Failure   Level  Hunger
 Dazzling Flash           Conj/Hex       ##....       26%         3    ###....
 Iskenderun's Mystic Bla  Conj/Tloc      ##......     63%         4    #####..


Dungeon Overview and Level Annotations

Branches:
Dungeon (3/15)

Altars:
Uskayaw
The Shining One

Annotations:
D:3 Ijyb


Innate Abilities, Weirdness & Mutations

You are resistant to torment.
Your stone body is resilient. (AC +3)
You are immune to poison.
You resist negative energy. (rN+)
You are resistant to electric shocks. (rElec)
You can survive without breathing.
You are immune to petrification.
You are immune to rotting.


Message History

Confirm with . or Enter, or press ? or * to list all spells.
Aiming: Searing Ray (safe; 4% risk of failure)
Press: ? - help, Shift-Dir - straight line, f/p - Ijyb
Aim: Ijyb, wearing a +0 ring mail and carrying a wand of acid (3) (lightly wounded)
The searing ray hits the bat.
You kill the bat!
The searing ray hits Ijyb!
Ijyb is heavily wounded. (Press . to maintain the ray.)
You are feeling hungry.
The searing ray hits Ijyb.
Ijyb is severely wounded.
The searing ray hits Ijyb.
Ijyb is almost dead.
Ijyb barely misses you. The hobgoblin closely misses you.
Without enough magic to sustain it, your searing ray dissipates.
Ijyb zaps a wand.
The bolt of acid hits you!
Ouch! That really hurt!
You are splashed with acid!
You die...

#... ####.. #########....#
####### #......##....# #......
#......##....# #......
#......##....#
#......#######......##....#######
#..>...........g.................
###.##........†g@.........#######
#.######.#####..........# #. #.#
#..........# #. #.# #..........#
g! ... +..[.......... #. #.#
#....######.## #. #.# ####.# .#
#.# #.## # #..# .#


You could see Ijyb and a hobgoblin.

Vanquished Creatures
  4 adders (D:2)
  An ooze (D:2)
  A dart slug (D:2)
  A leopard gecko (D:1)
  3 orcs (D:2)
  2 giant cockroaches (D:1)
  5 hobgoblins
  3 jackals (D:2)
  7 kobolds
  2 quokkas (D:2)
  4 bats
  5 frilled lizards
  3 goblins
  7 rats
48 creatures vanquished.

Notes
Turn   | Place    | Note
-------+----------+-------------------------------------------
     0 | D:1      | Luthien the Gargoyle Conjurer began the quest for the Orb.
     0 | D:1      | Reached XP level 1. HP: 10/10 MP: 3/3
   329 | D:1      | Reached XP level 2. HP: 15/15 MP: 0/5
   577 | D:1      | Found a glowing golden altar of the Shining One.
  1188 | D:2      | Reached XP level 3. HP: 19/19 MP: 0/6
  1514 | D:2      | Found a hide-covered altar of Uskayaw.
  1839 | D:2      | Reached XP level 4. HP: 24/24 MP: 1/7
  1843 | D:2      | Learned a level 2 spell: Searing Ray
  1848 | D:2      | Learned a level 4 spell: Fulminant Prism
  2254 | D:2      | Reached skill level 5 in Conjurations
  2390 | D:2      | Found a faded altar of an unknown god.
  2583 | D:3      | Noticed Ijyb
  2600 | D:3      | Splashed by Ijyb's acid

Levels and vault maps discovered:
D:1:      dpeg_arrival_prison, layout_basic, tso_metal_star
D:2:      layout_basic, eat_drink_and_be_merry_uskayaw,
          chequers_ecumenical_altar_grove
D:3:      layout_basic, uniq_ijyb

Skill      XL: |  1  2  3  4 |
---------------+-------------+-----
Dodging        | 2 |  2.2
Stealth        | 3 |  3.1
Conjurations   | 5 |  5.0
Spellcasting   | 3 |  3.0

Action                   |  1- 3 |  4- 6 || total
-------------------------+-------+-------++-------
Melee: Unarmed           |    21 |       ||    21
       Dagger            |    30 |    11 ||    41
 Cast: Magic Dart        |    75 |    28 ||   103
       Searing Ray       |       |     2 ||     2
  Eat: Chunk             |     4 |     2 ||     6
Armor: Robe              |     8 |       ||     8
       Plate armour      |     9 |       ||     9
       Leather armour    |     6 |     4 ||    10
Dodge: Dodged            |    36 |    12 ||    48

Table legend:
 A = Non-vault XP
 B = Vault XP
 C = Vault XP percentage of total XP
 D = Non-vault monster count
 E = Vault monster count
 F = Vault count percentage of total count
                 A         B        C        D         E       F
            +---------+---------+-------+---------+---------+-------
      Total |     133 |       4 |   2.9 |      46 |       2 |   4.2
            +---------+---------+-------+---------+---------+-------
        D:1 |      24 |       4 |  14.3 |      15 |       2 |  11.8
        D:2 |     104 |       0 |   0.0 |      28 |       0 |   0.0
        D:3 |       5 |       0 |   0.0 |       3 |       0 |   0.0
            +---------+---------+-------+---------+---------+-------
